 Dungeon Crawl Stone Soup version 0.19.5 (webtiles) character file.

83 doot the Skirmisher (level 4, -2/37 HPs)
             Began as a Demonspawn Abyssal Knight on May 6, 2017.
             Was a Believer of Lugonu.
             Slain by a bullfrog (6 damage)
             ... on level 4 of the Dungeon.
             The game lasted 00:08:04 (2657 turns).

doot the Skirmisher (Demonspawn Abyssal Knight)     Turns: 2657, Time: 00:08:05

Health: -2/37      AC:  8    Str: 12    XL:     4   Next: 22%
Magic:  0/5        EV: 13    Int: 14    God:    Lugonu [**....]
Gold:   145        SH:  0    Dex: 13    Spells: 0 memorised, 3 levels left

rFire  . . .     SeeInvis .     a - +1 hand axe
rCold  . . .     Gourm    .     q - +0 ring mail
rNeg   . . .     Faith    .     (no shield)
rPois  .         Spirit   +     n - +2 hat
rElec  .         Reflect  .     (no cloak)
rCorr  .         Harm     .     (no gloves)
MR     +....                    p - +0 pair of boots
Stlth  +.........               (no amulet)
                                t - +3 ring of evasion
                                k - ring of protection from magic

@: flying
A: magic shield
a: Depart the Abyss, Bend Space, Renounce Religion


You were on level 4 of the Dungeon.
You worshipped Lugonu.
Lugonu was pleased with you.
You were hungry.

You visited 1 branch of the dungeon, and saw 6 of its levels.
You visited the Abyss 1 time.

You collected 145 gold pieces.

Inventory:

Hand Weapons
 a - a +1 hand axe (weapon)
Armour
 b - a +0 leather armour
 l - a cursed +0 large shield
 n - a +2 hat (worn)
 p - a +0 pair of boots (worn)
 q - a +0 ring mail (worn)
Jewellery
 k - a ring of protection from magic (left hand)
 t - a +3 ring of evasion (right hand)
Scrolls
 h - 4 scrolls of identify
 m - 2 scrolls of amnesia
Potions
 i - a potion of flight
Comestibles
 c - a bread ration
 f - 3 meat rations
 j - 2 beef jerkies


   Skills:
 + Level 3.7 Fighting
 + Level 3.0 Axes
 + Level 2.4 Armour
 + Level 1.1 Dodging
 + Level 2.4 Invocations


You had 3 spell levels left.
You didn't know any spells.

Dungeon Overview and Level Annotations

Branches:
Dungeon (6/15)
 Temple: D:4-7

Altars:

Annotations:
D:3 Azzok's ghost, amateur CeFi
D:4 Natasha
D:5 Azzok's ghost, amateur CeFi


Innate Abilities, Weirdness & Mutations

When hurt, damage is shared between your health and your magic reserves.


Message History

The bullfrog hits you but does no damage.
The bullfrog hits you.
* * * LOW HITPOINT WARNING * * *
Natasha claws you.
* * * LOW HITPOINT WARNING * * *
Space bends around you!
You blink.
* * * LOW HITPOINT WARNING * * *
Natasha mumbles some strange words.
You reach down and open the door.
Natasha mumbles some strange words.
You feel disoriented.
The bullfrog releases a deep croak.
There is an open door here.
The crimson imp blinks!
A ball python skeleton comes into view.
The bullfrog closely misses you.
An ogre comes into view. It is wielding a giant spiked club.
The ogre shouts!
The bullfrog hits you!
You die...

... ...# ... ##+## #..
##5.%## # #.O ##.....##
#.#..## ##.......##
###.....####.........###
.......ZF.lhOw......('§.
##.#..@####.....§>..###
#....## ##.......##
#.### ##.....## #
##...## ##+##


You could see 2 ogres, a bullfrog, a worm, Natasha, a frilled lizard and a ball
python skeleton.

Vanquished Creatures
  2 adders (D:2)
  An ooze (D:2)
  3 worms (D:2)
  2 dart slugs (D:2)
  2 leopard geckos (D:1)
  An orc (D:6)
  3 giant cockroaches
  7 goblins
  5 hobgoblins
  A jackal (D:1)
  8 bats
  5 frilled lizards
  4 kobolds
  3 rats
47 creatures vanquished.

Notes
Turn   | Place    | Note
-------+----------+-------------------------------------------
     0 | Abyss:1  | doot the Demonspawn Abyssal Knight began the quest for the Orb.
     0 | Abyss:1  | Reached XP level 1. HP: 18/18 MP: 2/2
    16 | Abyss:1  | Found a corrupted altar of Lugonu.
    37 | D:1      | Escaped the Abyss
   383 | D:1      | Reached skill level 1 in Dodging
   384 | D:1      | Gained mutation: When hurt, damage is shared between your health and your magic reserves. [demonic ancestry]
   384 | D:1      | Reached XP level 2. HP: 21/24 MP: 3/3
   998 | D:1      | Reached ** piety under Lugonu
  1424 | D:2      | Reached XP level 3. HP: 25/29 MP: 2/4
  1935 | D:2      | Reached XP level 4. HP: 37/37 MP: 5/5
  2133 | D:3      | Noticed Azzok's ghost (amateur CeFi)
  2268 | D:3      | You fall through a shaft for 2 floors!
  2268 | D:5      | Entered Level 5 of the Dungeon
  2278 | D:5      | Noticed Azzok's ghost (amateur CeFi)
  2564 | D:6      | Noticed a bullfrog
  2610 | D:5      | Noticed an ogre
  2634 | D:4      | Noticed an ogre
  2637 | D:4      | Noticed Natasha
  2657 | D:4      | Noticed an ogre
  2657 | D:4      | Slain by a bullfrog

Skill      XL: |  1  2  3  4 |
---------------+-------------+-----
Armour         | 2 |  2.4
Dodging        | 1 |  1.1
Axes           | 2 3 |  3.0
Fighting       | |  3.7
Invocations    | |  2.4

Action                   |  1- 3 |  4- 6 || total
-------------------------+-------+-------++-------
Melee: Hand axe          |   166 |    28 ||   194
Invok: Bend Space        |       |     1 ||     1
  Use: Scroll            |       |     5 ||     5
       Potion            |       |     2 ||     2
  Eat: Chunk             |     3 |     2 ||     5
Armor: Leather armour    |    54 |       ||    54
       Ring mail         |    21 |    26 ||    47
Dodge: Dodged            |   106 |    53 ||   159
